 Dungeon Crawl Stone Soup version bcrawl-1.17.3 (webtiles) character file.

Game seed: 8453161841379898394

101 Chiseanne the Cudgeler (level 4, -6/35 HPs)
             Began as a Mummy Archaeologist on Oct 25, 2019.
             Mangled by an iguana (13 damage)
             ... on level 3 of the Dungeon.
             The game lasted 00:03:47 (2889 turns).

Chiseanne the Cudgeler (Mummy Archaeologist)        Turns: 2889, Time: 00:03:48

Health: -6/35      AC:  7    Str: 14    XL:     4   Next: 48%
Magic:  4/4        EV:  7    Int: 14    God:
Gold:   257        SH: 13    Dex: 10    Spells: 3/3 levels left

rFire    x . .     SeeInvis .   k - +0 short sword (curse)
rCold    + . .     Gourm    .   j - +3 large shield
rNeg     + + +     Faith    .   h - +0 leather armour (curse)
rPois    ∞         Spirit   .   c - +1 hat
rElec    .         Reflect  .   (no cloak)
rCorr    .         Harm     .   (no gloves)
MR       .....     Clarity  +   m - +2 pair of boots
Stlth    ++........             (no amulet)
HPRegen  0.11/turn              (no ring)
MPRegen  0.09/turn              (no ring)

@: studying Maces & Flails
A: no food or potions, fire vulnerability, clarity, cold resistance 1, negative
energy resistance 3, torment resistance, unbreathing
a: no special abilities


You were on level 3 of the Dungeon.
You were not hungry.

You visited 1 branch of the dungeon, and saw 3 of its levels.

You collected 257 gold pieces.

Inventory:

Hand Weapons
 k - a cursed +0 short sword (weapon)
Missiles
 b - 987 stones (quivered)
 i - 266 bolts
 l - 270 arrows
 n - 22 curare-tipped needles
Armour
 a - a +0 chain mail
 c - a +1 hat (worn)
 h - a cursed +0 leather armour (worn)
 j - a +3 large shield (worn)
 m - a +2 pair of boots (worn)
Scrolls
 d - a scroll of identify
 g - 2 scrolls of magic mapping
Books
 e - a manual of Maces & Flails
Miscellaneous
 f - an ancient crate


   Skills:
 - Level 3.0 Fighting
 + Level 3.8 Maces & Flails
 - Level 2.4 Dodging
 - Level 2.6 Stealth


You had 3 spell levels left.
You didn't know any spells.
Your spell library was empty.

Dungeon Overview and Level Annotations

Branches:
Dungeon (3/12)

Altars:
Hepliaklqana


Innate Abilities, Weirdness & Mutations

You do not eat or drink.
Your flesh is vulnerable to fire.
You are immune to poison.
You possess an exceptional clarity of mind.
Your flesh is cold resistant. (rC+)
You are immune to negative energy. (rN+++)
You are immune to unholy pain and torment.
You can survive without breathing.


Message History

You are too injured to fight recklessly!
You are too injured to fight recklessly!
You are too injured to fight recklessly!
You are too injured to fight recklessly!
You are too injured to fight recklessly!
You are too injured to fight recklessly!
You are too injured to fight recklessly!
You are too injured to fight recklessly!
You are too injured to fight recklessly!
You are too injured to fight recklessly!
You are too injured to fight recklessly!
You are too injured to fight recklessly!
You are too injured to fight recklessly!
You are too injured to fight recklessly!
You are too injured to fight recklessly!
You are too injured to fight recklessly!
You barely miss the iguana. The iguana bites you!
* * * LOW HITPOINT WARNING * * *
You hit the iguana but do no damage. The iguana bites you!
You die...

#%#
#..#.###.#########
#.# #.....##.#
#.####..###.#.#
#.......# #...#
######..###.###
#.....## #..#.## #
#.# #@# #l# #.#
..# ..# .... ....
.....


You could see an iguana.

Vanquished Creatures
  A worker ant (D:2)
  An adder (D:3)
  An ooze (D:2)
  4 worms
  2 dart slugs
  2 leopard geckos
  4 bats
  5 giant cockroaches (D:2)
  4 goblins (D:1)
  5 hobgoblins
  4 jackals (D:3)
  4 kobolds
  A quokka (D:2)
  A ball python (D:3)
  2 frilled lizards
  A rat (D:2)
42 creatures vanquished.

Notes
Turn   | Place    | Note
-------+----------+-------------------------------------------
     0 | D:1      | Chiseanne the Mummy Archaeologist began the quest for the
                  | Orb.
     0 | D:1      | Reached XP level 1. HP: 15/15 MP: 1/1
   148 | D:1      | Reached XP level 2. HP: 14/22 MP: 2/2
  1083 | D:2      | HP: 1/23 [worm (7)]
  1688 | D:2      | Reached XP level 3. HP: 9/29 MP: 3/3
  1896 | D:2      | Reached skill level 1 in Maces & Flails
  2167 | D:2      | Reached XP level 4. HP: 33/35 MP: 4/4
  2381 | D:2      | Found a hazy altar of Hepliaklqana.
  2889 | D:3      | Mangled by an iguana

Skill      XL: |  1  2  3  4 |
---------------+-------------+-----
Fighting       | 2 3 |  3.0
Maces & Flails | 2 3 |  3.8
Dodging        | |  2.4
Stealth        | |  2.6

Action                   |  1- 3 |  4- 6 || total
-------------------------+-------+-------++-------
Melee: Whip              |    46 |       ||    46
       Short sword       |   112 |    95 ||   207
  Use: Scroll            |     3 |     1 ||     4
 Stab: Sleeping          |     1 |     2 ||     3
Armor: Robe              |    23 |       ||    23
       Leather armour    |    31 |    35 ||    66
Dodge: Dodged            |    46 |    19 ||    65
Block: Large shield      |    72 |    81 ||   153
